 Dungeon Crawl Stone Soup version 0.30-a0-1075-gcd70e7a56d (webtiles) character file.

Game seed: 12477853221317246874

10434 jasper the Thaumaturge (level 11, -7/68 HPs)
             Began as a Gargoyle Earth Elementalist on Apr 14, 2023.
             Was a Priest of Vehumet.
             Mangled by a boulder beetle (17 damage)
             ... on level 11 of the Dungeon.
             The game lasted 00:16:25 (8487 turns).

jasper the Thaumaturge (GrEE)                       Turns: 8487, Time: 00:16:26

Health: -7/68      AC: 16    Str: 12    XL:     11   Next: 62%
Magic:  4/25       EV: 13    Int: 26    God:    Vehumet [***...]
Gold:   174        SH:  0    Dex: 10    Spells: 25/31 levels left

rFire   . . .      SeeInvis .    x - +1 quarterstaff
rCold   . . .      Faith    .    (shield currently unavailable)
rNeg    + + .      Spirit   .    b - +1 robe {rN+}
rPois   ∞          Reflect  .    F - +2 helmet
rElec   +          Rampage  .    E - +0 cloak
rCorr   .                        q - +0 pair of gloves
Will    .....                    (no boots)
Stlth   ++                       (no amulet)
HPRegen 0.31/turn                g - +6 ring of intelligence
MPRegen 0.19/turn                D - +4 ring of slaying

@: about to teleport
A: sickness immunity, AC +8, negative energy resistance 1, electricity
resistance, torment resistance 1, petrification resistance
a: Renounce Religion


You were on level 11 of the Dungeon.
You worshipped Vehumet.
Vehumet was most pleased with you.
You visited 2 branches of the dungeon, and saw 10 of its levels.
You also visited: Ice Cave.

You collected 378 gold pieces.
You spent 204 gold pieces at shops.

Inventory:

Hand Weapons
 e - a +0 shortbow
 x - a +1 quarterstaff (weapon)
Missiles
 i - 6 poisoned darts
 p - a throwing net
Armour
 a - a +0 robe
 b - a +1 robe of positive energy (worn)
 q - a +0 pair of gloves (worn)
 E - a +0 cloak (worn)
 F - a +2 helmet (worn)
Jewellery
 g - a +6 ring of intelligence (left hand)
 v - a +6 ring of strength
 w - a ring of see invisible
 D - a +4 ring of slaying (right hand)
Wands
 J - a wand of digging (7)
Scrolls
 j - a scroll of amnesia
 k - 5 scrolls of teleportation
 m - a scroll of vulnerability
 o - 3 scrolls of magic mapping
 r - 6 scrolls of fog
 y - a scroll of noise
 A - a scroll of summoning
 H - a scroll of immolation
Potions
 c - 2 potions of brilliance
 f - 2 potions of ambrosia
 h - 4 potions of flight
 n - 2 potions of curing
 s - 2 potions of lignification
 t - 2 potions of berserk rage
 u - 3 potions of might
 z - 2 potions of haste
 B - 3 potions of attraction {unknown}
 C - 3 potions of resistance {unknown}
 G - 2 potions of mutation {unknown}


   Skills:
 + Level 8.1 Fighting
 + Level 6.4 Dodging
 - Level 2.1 Stealth
 * Level 10.6 Spellcasting
 - Level 7.0 Conjurations
 - Level 0.7 Transmutations
 - Level 9.0 Earth Magic


You had 25 spell levels left.
You knew the following spells:

 Your Spells              Type           Power      Damage    Failure   Level
a - Sandblast             Erth           100%       2d20      1%          1
b - Passwall              Tmut/Erth      32%        N/A       1%          2
c - Stone Arrow           Conj/Erth      100%       3d13      1%          3

Your spell library contained the following spells:

 Spells                   Type           Power      Damage    Failure   Level
 Hailstorm                Conj/Ice       31%        3d8       1%          3
 Petrify                  Tmut/Erth      39%        N/A       6%          4
 Irradiate                Conj/Tmut      16%        3d17      7%          5
 Ozocubu's Armour         Ice            13%        N/A       13%         3
 Metabolic Englaciation   Hex/Ice        6%         N/A       77%         5
 Simulacrum               Ice/Necr       6%         N/A       100%        6
 Sublimation of Blood     Necr           Unusable   N/A       N/A         2

Dungeon Overview and Level Annotations

Branches:
Dungeon (11/15)            Temple (1/1) D:6             Orc (0/2) D:11
  IceCv (visited)
   Lair: D:8-11

Altars:
Ashenzari
Cheibriados
Dithmenos
Elyvilon
Fedhas
Hepliaklqana
Makhleb
Nemelex Xobeh
Okawaru
Qazlal
Ru
Trog
Uskayaw
Vehumet
Wu Jian
Xom
Zin
The Shining One

Shops:
D:1 =   D:4 =   D:7 *   D:11 *


Innate Abilities, Weirdness & Mutations

You are immune to sickness and miasma.
Your stone body is resilient. (AC +8)
You are immune to poison.
You resist negative energy. (rN+)
You are resistant to electric shocks. (rElec)
You are resistant to unholy torment.
You are immune to petrification.


Message History

The killer bee stings you but does no damage.
The killer bee misses you.
You sock the killer bee!
The killer bee is severely wounded.
The boulder beetle is no longer charmed.
The killer bee closely misses you. The killer bee barely misses you.
The killer bee stings you but does no damage.
The killer bee barely misses you. The boulder beetle bites you!!
The killer bee stings you but does no damage.
The killer bee closely misses you. The boulder beetle bites you.
You take 22 damage, and have 34/68 hp.
MASSIVE DAMAGE!!
You barely miss the killer bee.
The killer bee is severely wounded.
The killer bee completely misses you. The killer bee barely misses you.
The killer bee stings you.
The killer bee stings you but does no damage.
The boulder beetle bites you but does no damage.
You take 5 damage, and have 29/68 hp.
The killer bee closely misses you. x3
The killer bee stings you but does no damage.
The boulder beetle bites you!
You take 7 damage, and have 22/68 hp.
Aiming: Charm
Press: ? - help, Shift-Dir - straight line, f/p - boulder beetle
Aim: a boulder beetle (lightly wounded, chance to affect: 31%)
The boulder beetle easily resists.
The now-empty wand crumbles to dust.
The killer bee misses you. The killer bee stings you.
* * * LOW HITPOINT WARNING * * *
The killer bee barely misses you. The killer bee closely misses you.
The boulder beetle bites you.
* * * LOW HITPOINT WARNING * * *
You take 8 damage, and have 14/68 hp.
Okay, then.
As you read the scroll of teleportation, it crumbles to dust.
You feel strangely unstable. The killer bee closely misses you.
The killer bee stings you.
* * * LOW HITPOINT WARNING * * *
The killer bee barely misses you. The killer bee closely misses you.
The boulder beetle bites you!
You die...

..#†####..# #.......
###....#..###########.......
#......#...................
#......##+#...............
#..^......#..†........#
#.........+...........#
#.........#..#######..#
###.###...#..#.B.y.'..#
..#.#.#...'..#..@y.#..#
..#.#.#####).#.....#..#
..###........#######..#
......................###'#...
...........................B..
....................####......
.#####......#####... ..... .#
#.....># #.## .... # #......#
#. ###


You could see a boulder beetle and 2 killer bees.

Vanquished Creatures
  A centaur warrior (D:10)
  A two-headed ogre (D:11)
  Nergalle (D:10)
  An orc knight (D:11)
  Maggie (D:6)
  3 ice devils (IceCv)
  An anaconda simulacrum (IceCv)
  3 trolls (D:11)
  A vampire (D:10)
  Sigmund (D:2)
  6 yaks (D:10)
  A wyvern (D:11)
  2 wraiths
  Eustachio (D:6)
  A harpy simulacrum (IceCv)
  Edmund (D:6)
  An acid dragon (D:11)
  A water moccasin (D:6)
  An ice beast (D:6)
  2 sky beasts (D:6)
  5 orc warriors
  6 ogres
  2 kobold brigands (D:11)
  5 gnoll sergeants (D:11)
  5 scorpions
  A bullfrog (D:6)
  3 wights (D:5)
  15 killer bees
  6 howler monkeys
  4 jellies
  5 hounds
  7 orc priests
  3 sleepcaps
  Jessica (D:3)
  4 iguanas
  8 orc wizards
  A wolf simulacrum (IceCv)
  6 gnolls
  7 adders
  A naga simulacrum (IceCv)
  6 ufetubi
  5 worms
  5 dart slugs
  28 orcs
  5 ball pythons
  5 bats
  4 endoplasms
  4 giant cockroaches
  6 goblins
  6 hobgoblins
  4 jackals (D:3)
  10 kobolds
  3 frilled lizards
  7 rats
224 creatures vanquished.

Vanquished Creatures (others)
  A fungus (D:3)
1 creature vanquished.

Grand Total: 225 creatures vanquished

Notes
Turn   | Place    | Note
-------+----------+-------------------------------------------
     0 | D:1      | jasper the Gargoyle Earth Elementalist began the quest for
                  | the Orb.
     0 | D:1      | Reached XP level 1. HP: 10/10 MP: 3/3
   289 | D:1      | Found Cyciaf's Jewellery Shoppe.
   462 | D:1      | Reached XP level 2. HP: 15/15 MP: 3/5
   910 | D:2      | Reached XP level 3. HP: 19/19 MP: 6/6
   922 | D:2      | Learned a level 2 spell: Passwall
   926 | D:2      | Learned a level 3 spell: Stone Arrow
  1122 | D:2      | Noticed Sigmund
  1128 | D:2      | Killed Sigmund
  1129 | D:2      | Reached skill level 3 in Spellcasting
  1129 | D:2      | Reached skill level 5 in Earth Magic
  1129 | D:2      | Reached XP level 4. HP: 21/24 MP: 4/9
  1129 | D:2      | Reached XP level 5. HP: 25/28 MP: 4/10
  1607 | D:3      | Found a broken altar of Ashenzari.
  1626 | D:3      | Reached XP level 6. HP: 29/32 MP: 8/11
  1771 | D:3      | Found a blossoming altar of Fedhas.
  1818 | D:3      | Noticed Jessica
  1820 | D:3      | Killed Jessica
  1918 | D:3      | Reached skill level 4 in Spellcasting
  2024 | D:3      | HP: 1/32 [ogre/+0 giant club (31)]
  2026 | D:3      | Reached XP level 7. HP: 1/37 MP: 8/13
  2417 | D:3      | Found a hazy altar of Hepliaklqana.
  2419 | D:3      | Found a shimmering altar of Xom.
  2421 | D:3      | Found a stormy altar of Qazlal.
  2503 | D:3      | Found an ornate altar of the Wu Jian Council.
  2752 | D:4      | Reached skill level 1 in Fighting
  2846 | D:4      | Found Ratiy's Jewellery Boutique.
  3899 | D:5      | Entered Level 5 of the Dungeon
  3903 | D:5      | Reached skill level 5 in Spellcasting
  3903 | D:5      | Reached XP level 8. HP: 44/44 MP: 11/15
  4829 | D:6      | Found a staircase to the Ecumenical Temple.
  4848 | Temple   | Entered the Ecumenical Temple
  4884 | Temple   | Became a worshipper of Vehumet
  4957 | D:6      | Noticed Eustachio
  4962 | D:6      | Killed Eustachio
  4963 | D:6      | Reached skill level 6 in Spellcasting
  4963 | D:6      | Reached skill level 5 in Conjurations
  5047 | D:6      | Reached XP level 9. HP: 30/52 MP: 15/18
  5168 | D:6      | Noticed Maggie
  5173 | D:6      | Killed Maggie
  5436 | D:6      | Reached skill level 7 in Spellcasting
  5471 | D:6      | Noticed Edmund
  5475 | D:6      | Reached * piety under Vehumet
  5475 | D:6      | Offered knowledge of Kiss of Death by Vehumet.
  5475 | D:6      | Killed Edmund
  5526 | D:6      | Reached skill level 5 in Fighting
  6200 | D:7      | Found Peyklim's General Store.
  6222 | D:7      | Bought 3 scrolls of fog for 156 gold pieces
  6222 | D:7      | You fall into a shaft and drop 3 floors!
  6222 | D:10     | Entered Level 10 of the Dungeon
  6251 | D:10     | Reached XP level 10. HP: 55/59 MP: 16/21
  6264 | D:10     | Reached skill level 8 in Spellcasting
  6391 | D:10     | Noticed a centaur warrior
  6395 | D:10     | Killed a centaur warrior
  6476 | D:10     | Reached skill level 5 in Dodging
  6525 | D:10     | Noticed Nergalle
  6573 | D:11     | Noticed a two-headed ogre
  6575 | D:11     | Killed a two-headed ogre
  6621 | D:11     | Reached skill level 9 in Spellcasting
  6674 | D:11     | Reached ** piety under Vehumet
  6788 | D:11     | Found a staircase to the Orcish Mines.
  6790 | D:11     | Offered knowledge of Magic Dart by Vehumet.
  6791 | D:11     | Reached XP level 11. HP: 48/67 MP: 24/24
  6930 | D:11     | Found Jorofa's General Store.
  6937 | D:11     | Bought a scroll of teleportation for 48 gold pieces
  6938 | D:11     | Found a frozen archway.
  6965 | IceCv    | Entered an ice cave
  7194 | IceCv    | Reached skill level 10 in Spellcasting
  7414 | D:11     | Noticed a boulder beetle
  7431 | D:11     | Noticed a deep elf pyromancer
  7432 | D:11     | Noticed a cyan ugly thing
  7459 | D:11     | Offered knowledge of Hailstorm by Vehumet.
  7658 | D:10     | Killed Nergalle
  8257 | D:11     | Noticed an orc knight
  8266 | D:11     | Killed an orc knight
  8266 | D:11     | Reached *** piety under Vehumet
  8487 | D:11     | Mangled by a boulder beetle

Illustrated notes

Levels and vault maps discovered:
D:1:      mushboom_english_gardens, layout_basic, serial_shops,
          nicolae_lakefront_shop
D:2:      minmay_spotlight, layout_loops_cross, hex_tiny, uniq_sigmund
D:3:      layout_basic, fedhas_altar_3, grunt_temple_overflow_open,
          mainiacjoe_overflow_six_doors_small, old_standard_altar,
          minmay_misc_feat_x, uniq_jessica
D:4:      layout_loops_corners, serial_shops, shop, minmay_divided_ellipse
D:5:      layout_basic, minmay_misc_feat_iff
D:6:      minmay_opposing_rooms, layout_loops_ring,
          minmay_temple_entry_sparse_star, minmay_fractal_squares_5,
          uniq_edmund, uniq_eustachio, uniq_maggie
D:7:      layout_cave_pools, amcnicky_altar_gilded, serial_shops,
          nicolae_square_shop, minmay_misc_feat_chi, minmay_checkerbox,
          uniq_prince_ribbit1
D:10:     layout_roguey, uniq_nergalle
D:11:     hangedman_what_comes_after_a, layout_irregular_city,
          kennysheep_orc_monster_closet_entryway, serial_shops,
          nicolae_shop_crystal, portal_ice_cave_entry_pillars_2
Temple:   nicolae_temple_x_marks_the_god

Skill      XL: |  1  2  3  4  5  6  7  8  9 10 11 |
---------------+----------------------------------+-----
Earth Magic    | 4 5 6 7 8 9 |  9.0
Spellcasting   | 3 4 5 6 7 9 10 | 10.6
Conjurations   | 2 3 4 5 6 7 |  7.0
Fighting       | 2 3 5 7 8 |  8.1
Dodging        | 2 3 4 5 6 |  6.4
Stealth        | |  2.1
Transmutations | |  0.7

Action                     |  1- 3 |  4- 6 |  7- 9 | 10-12 || total
---------------------------+-------+-------+-------+-------++-------
  Melee: Quarterstaff      |       |       |     7 |    12 ||    19
   Fire: Shortbow          |    24 |    27 |     4 |       ||    55
   Cast: Sandblast         |    21 |    14 |   181 |    71 ||   287
         Stone Arrow       |       |       |     2 |    61 ||    63
  Evoke: Wand              |       |       |     5 |     8 ||    13
    Use: Scroll            |       |       |    21 |     3 ||    24
         Potion            |       |       |     2 |     2 ||     4
 Armour: Robe              |     3 |     4 |    60 |    70 ||   137
  Dodge: Dodged            |     6 |     1 |    80 |   105 ||   192

Table legend: (Time is in decaauts)
 A = Elapsed time spent in this place.
 B = Non-inter-level travel time spent in this place.
 C = Inter-level travel time spent in this place.
 D = Time resting spent in this place.
 E = Time spent auto-exploring this place.
 F = Levels seen in this place.
 G = Mean time per level.
                   A        B        C        D        E       F      G
               +--------+--------+--------+--------+--------+-----+--------+
         Total |   8664 |   8476 |    188 |    517 |   6627 |  11 |  787.6 |
       Dungeon |   8180 |   8001 |    179 |    341 |   6429 |   9 |  908.9 |
        Temple |     46 |     37 |      9 |      0 |      0 |   1 |   46.0 |
      Ice Cave |    437 |    437 |      0 |    176 |    198 |   1 |  437.0 |
               +--------+--------+--------+--------+--------+-----+--------+

Top non-repeatable levels by time:
     D:6: 1374 daAuts
     D:4: 1277 daAuts
     D:3: 1181 daAuts
    D:10: 1045 daAuts
     D:2: 884 daAuts
     D:5: 863 daAuts
    D:11: 824 daAuts
     D:1: 707 daAuts
   IceCv: 437 daAuts
  Temple: 46 daAuts
     D:7: 23 daAuts
